 Dungeon Crawl Stone Soup version 0.20.1-1-g8b1a95d (webtiles) character file.

1257 tmwrnj the Cudgeler (level 8, -7/70 HPs)
             Began as a Hill Orc Fighter on Sept 30, 2017.
             Was a Follower of Beogh.
             Mangled by an orc warrior
             ... wielding a +0 long sword
              (14 damage)
             ... on level 6 of the Dungeon.
             The game lasted 00:11:04 (5044 turns).

tmwrnj the Cudgeler (Hill Orc Fighter)              Turns: 5044, Time: 00:11:05

Health: -7/70      AC: 10    Str: 21    XL:     8   Next: 51%
Magic:  0/8        EV:  6    Int:  8    God:    Beogh [*.....]
Gold:   246        SH: 10    Dex: 10    Spells: 7/7 levels left

rFire    . . .     SeeInvis .   a - +0 flail
rCold    . . .     Gourm    .   c - +0 shield
rNeg     . . .     Faith    .   e - +0 chain mail
rPois    .         Spirit   +   (no helmet)
rElec    .         Reflect  .   (no cloak)
rCorr    .         Harm     .   (no gloves)
MR       .....                  (no boots)
Stlth    ..........             j - amulet of guardian spirit
Regen    0.3/turn               (no ring)
MPRegen  0.2/turn               (no ring)

@: no status effects
A: no striking features
a: Renounce Religion


You were on level 6 of the Dungeon.
You worshipped Beogh.
Beogh was aware of your devotion.
You were not hungry.

You visited 1 branch of the dungeon, and saw 6 of its levels.

You collected 246 gold pieces.

Inventory:

Hand Weapons
 a - a +0 flail (weapon)
Armour
 c - a +0 shield (worn)
 e - a +0 chain mail (worn)
Jewellery
 j - an amulet of guardian spirit (around neck)
 y - a +4 ring of strength {unknown}
Wands
 v - a wand of iceblast (5/15)
Scrolls
 b - a scroll of recharging {unknown}
 h - 5 scrolls of identify
 l - 2 scrolls of teleportation {unknown}
 r - a scroll of fear {unknown}
 s - 2 scrolls of remove curse
 t - 2 scrolls of noise {unknown}
Potions
 d - a potion of might
 i - 3 potions of curing
 k - a potion of haste {unknown}
 m - a potion of agility {unknown}
 n - 3 potions of brilliance
 o - 3 potions of mutation
 p - a potion of lignification {unknown}
 q - 2 potions of heal wounds {unknown}
 u - a potion of degeneration {unknown}
 w - a potion of magic {unknown}
Books
 x - a book of Cantrips

   Spells                             Type                      Level
   a - Confusing Touch                Hexes                        1
   b - Animate Skeleton               Necromancy                   1
   c - Summon Small Mammal            Summoning                    1
   d - Apportation                    Translocation                1
Comestibles
 f - 3 bread rations
 g - 2 meat rations
 z - 2 fruits


   Skills:
 + Level 5.9 Fighting
 + Level 7.1 Maces & Flails
 + Level 6.1 Armour
 + Level 1.9 Dodging
 + Level 0.6 Stealth
 + Level 5.2 Shields


You had 7 spell levels left.
You didn't know any spells.

Dungeon Overview and Level Annotations

Branches:
Dungeon (6/15)             Temple (0/1) D:4

Altars:
Elyvilon
Hepliaklqana
Kikubaaqudgha
Okawaru
Zin

Annotations:
D:3 1 runed door


Message History

The orc wizard casts a spell.
The orc wizard blinks!
The orc hits you but does no damage.
You hit the orc warrior.
The orc warrior is heavily wounded.
You block the orc warrior's attack.
The orc wizard casts a spell.
The orc wizard blinks!
The orc hits you but does no damage.
Your shield prevents you from hitting the orc warrior.
The orc warrior is heavily wounded.
You block the orc warrior's attack. You block the orc's attack.
You hit the orc warrior but do no damage.
The orc warrior is heavily wounded.
The orc warrior hits you with a long sword!
* * * LOW HITPOINT WARNING * * *
You hit the orc warrior.
The orc warrior is heavily wounded.
You block the orc's attack.
The orc warrior hits you with a long sword!
You die...
Beogh appreciates the orc warrior's killing of a heretic priest.

##### #...############
#...)).....#...#########
#...######.#............
###########.##
#......########
............# ####.#.# #
.......†.##.#
#######.#.########
########.##.##
#@ooo............. ...##
#.....#
#o#####.#.........
.⌠..## ####..###.#
#.#...#.#### .....#
#....o.# #.#...#># #
.....# #...#####
#.#...#.# ## ..<..#
#.#... #.#...... .
.....# .......#
#.#.....# #
.....#.##.##..#
#.#...### # .⌠..## ##
.... #:..######


You could see an orc warrior, an orc wizard and 3 orcs.

Vanquished Creatures
  A black bear (D:6)
  2 phantoms
  4 ogres
  A necrophage (D:6)
  2 howler monkeys (D:4)
  2 orc priests
  2 hounds
  3 orc wizards
  An iguana (D:5)
  2 worker ants (D:5)
  2 worker ant zombies (D:5)
  6 adders
  2 shadow imps (D:6)
  An ooze (D:2)
  An adder skeleton (D:4)
  3 worms
  A leopard gecko (D:2)
  19 orcs
  4 bats
  2 giant cockroaches
  6 goblins
  3 hobgoblins
  2 jackals (D:2)
  A ball python (D:1)
  A frilled lizard (D:2)
  A jackal skeleton (D:4)
  9 kobolds
  2 leopard gecko skeletons (D:4)
  8 rats
  A butterfly (D:4)
95 creatures vanquished.

Vanquished Creatures (others)
  2 orc wizards (D:3)
  A kobold (D:3)
3 creatures vanquished.

Grand Total: 98 creatures vanquished

Notes
Turn   | Place    | Note
-------+----------+-------------------------------------------
     0 | D:1      | tmwrnj the Hill Orc Fighter began the quest for the Orb.
     0 | D:1      | Reached XP level 1. HP: 19/19 MP: 1/1
   313 | D:1      | Reached XP level 2. HP: 27/27 MP: 2/2
   596 | D:2      | Reached XP level 3. HP: 27/33 MP: 3/3
  1127 | D:2      | Reached skill level 3 in Maces & Flails
  1127 | D:2      | Reached XP level 4. HP: 40/40 MP: 4/4
  1509 | D:3      | Became a worshipper of Beogh the Brigand
  1529 | D:3      | Reached skill level 1 in Dodging
  1643 | D:3      | Found a white marble altar of Elyvilon.
  1643 | D:3      | Noticed an angel
  1644 | D:3      | Found a runed door.
  1656 | D:3      | Found an iron altar of Okawaru.
  1991 | D:4      | Reached XP level 5. HP: 46/46 MP: 5/5
  2029 | D:4      | Reached skill level 4 in Maces & Flails
  2203 | D:4      | Reached XP level 6. HP: 43/52 MP: 4/6
  2273 | D:4      | Noticed a phantom
  2752 | D:4      | Noticed a phantom
  3095 | D:3      | Killed a phantom
  3095 | D:3      | Reached skill level 5 in Maces & Flails
  3095 | D:3      | Reached skill level 5 in Armour
  3095 | D:3      | Reached XP level 7. HP: 44/60 MP: 4/7
  3284 | D:4      | Found a staircase to the Ecumenical Temple.
  3343 | D:4      | Reached * piety under Beogh
  3388 | D:4      | Reached skill level 5 in Fighting
  3391 | D:4      | Found a hazy altar of Hepliaklqana.
  3530 | D:4      | Found an ancient bone altar of Kikubaaqudgha.
  3628 | D:4      | Found a white marble altar of Elyvilon.
  4033 | D:5      | Entered Level 5 of the Dungeon
  4514 | D:5      | Found a glowing silver altar of Zin.
  4622 | D:5      | Reached skill level 6 in Maces & Flails
  4622 | D:5      | Reached XP level 8. HP: 46/68 MP: 5/8
  4749 | D:6      | Reached skill level 5 in Shields
  4900 | D:6      | Reached skill level 7 in Maces & Flails
  5044 | D:6      | Mangled by an orc warrior

Skill      XL: |  1  2  3  4  5  6  7  8 |
---------------+-------------------------+-----
Fighting       | 4 5 |  5.9
Maces & Flails | 3 4 5 6 7 |  7.1
Dodging        | 1 |  1.9
Armour         | 4 5 6 |  6.1
Shields        | 4 5 |  5.2
Stealth        | |  0.6

Action                   |  1- 3 |  4- 6 |  7- 9 || total
-------------------------+-------+-------+-------++-------
Melee: Flail             |   100 |   175 |   243 ||   518
Invok: Convert to Beogh  |       |     1 |       ||     1
  Use: Scroll            |       |     5 |       ||     5
  Eat: Chunk             |     1 |     6 |     5 ||    12
       Royal jelly       |       |       |     1 ||     1
Armor: Scale mail        |    49 |    54 |    14 ||   117
       Chain mail        |       |       |    75 ||    75
Dodge: Dodged            |    25 |    35 |    51 ||   111
Block: Shield            |    64 |    72 |   109 ||   245
